NCAA
MISSISSIPPI STATE BULLDOGS @ CALIFORNIA GOLDEN BEARS
04/27/2029
 
TOP OF THE 1ST
Mississippi State Bulldogs batting - Pitching for California Golden Bears : LHP Bob Powell
Pitching: LHP Bob Powell
Batting: RHB Ernesto Sánchez 0-0: SINGLE (Line Drive, 9LM)
Batting: RHB Brian Hoover 0-0: Ball
1-0: Called Strike
1-1: Swinging Strike
1-2: Grounds into double play, 5-4-3 (Groundball, 56)
Batting: RHB Dan Cross 0-0: Swinging Strike
0-1: Called Strike
0-2: Strikes out swinging
Top of the 1st over - 0 runs, 1 hit, 0 errors, 0 left on base; Mississippi State 0 - California 0
BOTTOM OF THE 1ST
California Golden Bears batting - Pitching for Mississippi State Bulldogs : LHP Sixto Alberty
Pitching: LHP Sixto Alberty
Batting: SHB John Allen 0-0: Called Strike
0-1: Ball
1-1: Foul Ball, location: 2F
1-2: Foul Ball, location: 2F
1-2: Fly out, F9 (Flyball, 9D)
Batting: RHB Phil Cabrera 0-0: Ball
1-0: Called Strike
1-1: Called Strike
1-2: DOUBLE (Line Drive, 7LD)
Batting: RHB Sergio González 0-0: Ball
1-0: Fly out, F8 (Flyball, 89S)
Batting: RHB Cisco Villa 0-0: Ball
1-0: Foul Ball, location: 2F
1-1: Called Strike
1-2: Ball
2-2: Fly out, F8 (Flyball, 89M)
Bottom of the 1st over - 0 runs, 1 hit, 0 errors, 1 left on base; Mississippi State 0 - California 0
TOP OF THE 2ND
Mississippi State Bulldogs batting - Pitching for California Golden Bears : LHP Bob Powell
Batting: RHB Ken Ward 0-0: Fly out, F6 (Popup, 15)
Batting: SHB Jessie Teague 0-0: Called Strike
0-1: Swinging Strike
0-2: Ball
1-2: Foul Ball, location: 2F
1-2: Ball
2-2: Strikes out looking
Batting: SHB Tom Stewart 0-0: Ball
1-0: Fly out, F4 (Line Drive, 4)
Top of the 2nd over - 0 runs, 0 hits, 0 errors, 0 left on base; Mississippi State 0 - California 0
BOTTOM OF THE 2ND
California Golden Bears batting - Pitching for Mississippi State Bulldogs : LHP Sixto Alberty
Now in CF: Ken Ward
Batting: RHB Joe Johnston 0-0: Called Strike
0-1: Ball
1-1: Foul Ball, location: 2F
1-2: Foul Ball, location: 2F
1-2: Ball
2-2: Foul Ball, location: 2F
2-2: Ball
3-2: Foul Ball, location: 2F
3-2: Ground out 5-3 (Groundball, 56S)
Batting: RHB Greg Brown 0-0: Foul Ball, location: 2F
0-1: Ball
1-1: Swinging Strike
1-2: Reached on error, E6 (Groundball, 6)
Batting: LHB Otis Johnston 0-0: Ball
1-0: Ball
2-0: Ball
3-0: Called Strike
3-1: Foul Ball, location: 2F
3-2: 2-RUN HOME RUN (Flyball, 89XD), Distance : 382 ft
Batting: SHB Dan Morse 0-0: Ball
1-0: Called Strike
1-1: Ball
2-1: Ball
3-1: SINGLE (Groundball, 4) (infield hit)
Batting: RHB Ralph Hawkins 0-0: Fly out, F3 (Popup, 3S)
Batting: SHB John Allen 0-0: Called Strike
0-1: Called Strike
0-2: Ball
1-2: Ball
2-2: Foul Ball, location: 2F
2-2: Strikes out swinging
Bottom of the 2nd over - 2 runs, 2 hits, 1 error, 1 left on base; Mississippi State 0 - California 2
TOP OF THE 3RD
Mississippi State Bulldogs batting - Pitching for California Golden Bears : LHP Bob Powell
Batting: SHB Matthew Hughes 0-0: Called Strike
0-1: Swinging Strike
0-2: Ball
1-2: Ball
2-2: Ball
3-2: Base on Balls
Batting: RHB Héctor Garza 0-0: Called Strike
0-1: Ball
1-1: Ball
2-1: Swinging Strike
2-2: Grounds into double play, 6-4-3 (Groundball, 6)
Batting: RHB John O'Brien 0-0: Bunt for hit - play at first, batter safe!
Batting: RHB Ernesto Sánchez 0-0: Ball
1-0: Foul Ball, location: 2F
1-1: Ball
2-1: Ball
3-1: SINGLE (Line Drive, 6MD)
John O'Brien to second
Runner from 2nd tries for 3rd, SAFE, throw made to third
Batting: RHB Brian Hoover 0-0: Ball
1-0: Ball
2-0: SINGLE (Groundball, 34D)
John O'Brien scores
Ernesto Sánchez to second
Runner from 2nd tries for 3rd, SAFE, throw made to third
Batting: RHB Dan Cross 0-0: Ball
1-0: Foul Ball, location: 2F
1-1: Ball
2-1: Foul Ball, location: 2F
2-2: 3-RUN HOME RUN (Flyball, 7LD), Distance : 338 ft
Batting: RHB Ken Ward 0-0: Ground out 6-3 (Groundball, 6)
Top of the 3rd over - 4 runs, 4 hits, 0 errors, 0 left on base; Mississippi State 4 - California 2
BOTTOM OF THE 3RD
California Golden Bears batting - Pitching for Mississippi State Bulldogs : LHP Sixto Alberty
Batting: RHB Phil Cabrera 0-0: Ball
1-0: SINGLE (Line Drive, 3)
Batting: RHB Sergio González 0-0: Ball
1-0: Ball
2-0: Ball
3-0: Called Strike
3-1: Grounds into double play, 6-4-3 (Groundball, 6)
Batting: RHB Cisco Villa 0-0: Foul Ball, location: 2F
0-1: Foul Ball, location: 2F
0-2: Ball
1-2: Ball
2-2: Ball
3-2: Foul Ball, location: 2F
3-2: Foul Ball, location: 2F
3-2: Ground out 5-3 (Groundball, 5L)
Bottom of the 3rd over - 0 runs, 1 hit, 0 errors, 0 left on base; Mississippi State 4 - California 2
TOP OF THE 4TH
Mississippi State Bulldogs batting - Pitching for California Golden Bears : LHP Bob Powell
Batting: SHB Jessie Teague 0-0: Fly out, F8 (Flyball, 8LD)
Batting: SHB Tom Stewart 0-0: Called Strike
0-1: Ball
1-1: Foul Ball, location: 2F
1-2: Foul Ball, location: 2F
1-2: Ball
2-2: Foul Ball, location: 2F
2-2: Ball
3-2: Base on Balls
Batting: SHB Matthew Hughes 0-0: Called Strike
0-1: Ball
1-1: Ball
2-1: Foul Ball, location: 2F
2-2: Reached on error, E5 (Groundball, 56)
Tom Stewart to second
Batting: RHB Héctor Garza 0-0: Ball
1-0: Ball
2-0: Ball
3-0: Called Strike
3-1: Base on Balls
Tom Stewart to third
Matthew Hughes to second
Batting: RHB John O'Brien 0-0: Swinging Strike
0-1: Ball
1-1: Swinging Strike
1-2: Strikes out swinging
Batting: RHB Ernesto Sánchez 0-0: Ball
1-0: Ball
2-0: Foul Ball, location: 2F
2-1: Ball
3-1: Base on Balls
Tom Stewart scores
Matthew Hughes to third
Héctor Garza to second
Batting: RHB Brian Hoover 0-0: Called Strike
0-1: Fielders Choice at 2nd, 5-4 (Groundball, 5L)
Top of the 4th over - 1 run, 0 hits, 1 error, 3 left on base; Mississippi State 5 - California 2
BOTTOM OF THE 4TH
California Golden Bears batting - Pitching for Mississippi State Bulldogs : LHP Sixto Alberty
Batting: RHB Joe Johnston 0-0: Fly out, F3 (Popup, 3SF)
Batting: RHB Greg Brown 0-0: Ground out 6-3 (Groundball, 6)
Batting: LHB Otis Johnston 0-0: Ball
1-0: Ground out 5-3 (Groundball, 56)
Bottom of the 4th over - 0 runs, 0 hits, 0 errors, 0 left on base; Mississippi State 5 - California 2
TOP OF THE 5TH
Mississippi State Bulldogs batting - Pitching for California Golden Bears : LHP Bob Powell
Batting: RHB Dan Cross 0-0: Ball
1-0: Swinging Strike
1-1: Ball
2-1: Foul Ball, location: 2F
2-2: Foul Ball, location: 2F
2-2: Ball
3-2: Foul Ball, location: 2F
3-2: Base on Balls
Pitching: RHP Dexter Miller
Batting: RHB Ken Ward 0-0: Ball
1-0: Foul Ball, location: 2F
1-1: Grounds into double play, 6-4-3 (Groundball, 6)
Batting: SHB Jessie Teague 0-0: Fly out, F8 (Flyball, 8LD)
Top of the 5th over - 0 runs, 0 hits, 0 errors, 0 left on base; Mississippi State 5 - California 2
BOTTOM OF THE 5TH
California Golden Bears batting - Pitching for Mississippi State Bulldogs : LHP Leonard Scott
Pitching: LHP Leonard Scott
Batting: SHB Dan Morse 0-0: Foul Ball, location: 2F
0-1: Ball
1-1: Called Strike
1-2: Ball
2-2: Foul Ball, location: 2F
2-2: SINGLE (Line Drive, 8LS)
Batting: RHB Ralph Hawkins 0-0: Ball
1-0: Ball
2-0: Ball
3-0: Called Strike
3-1: Base on Balls
Dan Morse to second
Batting: SHB John Allen 0-0: Called Strike
0-1: Swinging Strike
0-2: Ball
1-2: Foul Ball, location: 2F
1-2: Strikes out swinging
Batting: RHB Phil Cabrera 0-0: Ball
1-0: Called Strike
1-1: SINGLE (Flyball, 34D)
Dan Morse to third
Ralph Hawkins to second
Runner from 3rd tries for Home, throw and OUT!
Batting: RHB Sergio González 0-0: Ball
1-0: SINGLE (Groundball, 4D)
Ralph Hawkins to third
Phil Cabrera to second
Runner from 3rd tries for Home, SAFE, no throw
Batting: RHB Cisco Villa 0-0: Ball
1-0: Swinging Strike
1-1: Ball
2-1: Called Strike
2-2: Ball
3-2: 3-RUN HOME RUN (Flyball, 9LD), Distance : 328 ft
Pitching: RHP Chris Brandt
Batting: RHB Joe Johnston 0-0: Ball
1-0: Ball
2-0: Called Strike
2-1: Ground out 1-3 (Groundball, 13S)
Bottom of the 5th over - 4 runs, 4 hits, 0 errors, 0 left on base; Mississippi State 5 - California 6
TOP OF THE 6TH
Mississippi State Bulldogs batting - Pitching for California Golden Bears : RHP Dexter Miller
Batting: SHB Tom Stewart 0-0: Ball
1-0: Ball
2-0: SOLO HOME RUN (Flyball, 9LD), Distance : 330 ft
Batting: SHB Matthew Hughes 0-0: Called Strike
0-1: Foul Ball, location: 2F
0-2: Ground out 6-3 (Groundball, 6)
Batting: RHB Héctor Garza 0-0: Ball
1-0: Called Strike
1-1: Ball
2-1: Foul Ball, location: 2F
2-2: Ball
3-2: Base on Balls
Batting: RHB John O'Brien 0-0: DOUBLE (Line Drive, 8LD)
Héctor Garza to third
Batting: RHB Ernesto Sánchez 0-0: Called Strike
0-1: Swinging Strike
0-2: Ball
1-2: Ball
2-2: Ball
3-2: Foul Ball, location: 2F
3-2: Strikes out swinging
Batting: RHB Brian Hoover 0-0: Called Strike
0-1: Swinging Strike
0-2: Strikes out swinging
Top of the 6th over - 1 run, 2 hits, 0 errors, 2 left on base; Mississippi State 6 - California 6
BOTTOM OF THE 6TH
California Golden Bears batting - Pitching for Mississippi State Bulldogs : RHP Chris Brandt
Batting: RHB Greg Brown 0-0: Ball
1-0: Ball
2-0: Foul Ball, location: 2F
2-1: Ball
3-1: Base on Balls
Batting: LHB Otis Johnston 0-0: Called Strike
0-1: Ball
1-1: Ball
2-1: Ball
3-1: Base on Balls
Greg Brown to second
Batting: SHB Dan Morse 0-0: Called Strike
0-1: Ball
1-1: Ball
2-1: Ball
3-1: Base on Balls
Greg Brown to third
Otis Johnston to second
Batting: RHB Ralph Hawkins 0-0: Swinging Strike
0-1: Ball
1-1: Foul Ball, location: 2F
1-2: Strikes out swinging
Batting: SHB John Allen 0-0: Foul Ball, location: 2F
0-1: Grounds into fielders choice 3-2 (Groundball, 34S)
Otis Johnston to third
Dan Morse to second
Batting: RHB Phil Cabrera 0-0: Ball
1-0: Swinging Strike
1-1: Ball
2-1: Ball
3-1: Fly out, F6 (Flyball, 56D)
Bottom of the 6th over - 0 runs, 0 hits, 0 errors, 3 left on base; Mississippi State 6 - California 6
TOP OF THE 7TH
Mississippi State Bulldogs batting - Pitching for California Golden Bears : RHP Dexter Miller
Batting: RHB Dan Cross 0-0: Called Strike
0-1: Foul Ball, location: 2F
0-2: Fly out, F9 (Flyball, 89M)
Batting: RHB Ken Ward 0-0: Called Strike
0-1: Foul Ball, location: 2F
0-2: SINGLE (Groundball, 34) (infield hit)
Batting: SHB Jessie Teague 0-0: Called Strike
Ken Ward is caught stealing 2nd base
0-1: Ball
1-1: Called Strike
1-2: Ball
2-2: Strikes out swinging
Top of the 7th over - 0 runs, 1 hit, 0 errors, 0 left on base; Mississippi State 6 - California 6
BOTTOM OF THE 7TH
California Golden Bears batting - Pitching for Mississippi State Bulldogs : RHP Chris Brandt
Batting: RHB Sergio González 0-0: Ball
1-0: Foul Ball, location: 2F
1-1: Ball
2-1: Called Strike
2-2: Ball
3-2: Foul Ball, location: 2F
3-2: Strikes out swinging
Batting: RHB Cisco Villa 0-0: Ball
1-0: Ball
2-0: Fly out, F9 (Flyball, 9)
Pinch Hitting: RHB Dave Burchette 0-0: Ground out 5-3 (Groundball, 56)
Bottom of the 7th over - 0 runs, 0 hits, 0 errors, 0 left on base; Mississippi State 6 - California 6
TOP OF THE 8TH
Mississippi State Bulldogs batting - Pitching for California Golden Bears : RHP Dexter Miller
Now in LF: Owen Jenkins
Batting: SHB Tom Stewart 0-0: Called Strike
0-1: Ball
1-1: DOUBLE (Groundball, 5L)
Batting: SHB Matthew Hughes 0-0: Intentional Walk
Batting: RHB Héctor Garza 0-0: Foul Ball, location: 2F
0-1: Grounds into double play, 3-6-3 (Groundball, 34)
Tom Stewart to third
Batting: RHB John O'Brien 0-0: SINGLE (Line Drive, 7S)
Tom Stewart scores
Batting: RHB Ernesto Sánchez 0-0: Called Strike
0-1: Called Strike
0-2: Strikes out swinging, 2-3 out at first.
Top of the 8th over - 1 run, 2 hits, 0 errors, 1 left on base; Mississippi State 7 - California 6
BOTTOM OF THE 8TH
California Golden Bears batting - Pitching for Mississippi State Bulldogs : RHP Chris Brandt
Batting: RHB Greg Brown 0-0: Ball
1-0: SINGLE (Line Drive, 7S)
Pitching: LHP J.J. Porter
Batting: LHB Otis Johnston 0-0: Called Strike
0-1: Called Strike
0-2: SINGLE (Groundball, 6MD)
Greg Brown to second
Batting: SHB Dan Morse 0-0: Called Strike
0-1: Ball
Wild Pitch!
Greg Brown to third
Otis Johnston to second
1-1: Ball
2-1: Swinging Strike
2-2: Strikes out swinging
Batting: RHB Ralph Hawkins 0-0: Ball
1-0: Called Strike
1-1: Swinging Strike
1-2: Ball
2-2: Fly out, F6 (Line Drive, 6)
Lined into DP, 6-5 (Line Drive, 6)
Bottom of the 8th over - 0 runs, 2 hits, 0 errors, 1 left on base; Mississippi State 7 - California 6
TOP OF THE 9TH
Mississippi State Bulldogs batting - Pitching for California Golden Bears : RHP Dexter Miller
Pitching: RHP Esteban Ortega
Batting: RHB Brian Hoover 0-0: Swinging Strike
0-1: Ball
1-1: Ball
2-1: Ball
3-1: Base on Balls
Batting: RHB Dan Cross 0-0: Called Strike
0-1: Called Strike
0-2: Ball
1-2: Ball
2-2: Ball
3-2: Base on Balls
Brian Hoover to second
Pinch Hitting: RHB Abel Moore 0-0: Called Strike
0-1: Ball
1-1: Ball
2-1: Swinging Strike
2-2: Fly out, F7 (Flyball, 7S)
Batting: SHB Jessie Teague 0-0: Called Strike
0-1: DOUBLE (Line Drive, 89D)
Brian Hoover scores
Dan Cross to third
Batting: SHB Tom Stewart 0-0: Intentional Walk
Batting: SHB Matthew Hughes 0-0: Called Strike
0-1: Ball
1-1: GRAND SLAM HOME RUN (Flyball, 7LD), Distance : 338 ft
Pitching: RHP David Davis
Batting: RHB Héctor Garza 0-0: Ball
1-0: Foul Ball, location: 2F
1-1: SOLO HOME RUN (Flyball, 8LXD), Distance : 402 ft
Batting: RHB John O'Brien 0-0: Ball
1-0: Called Strike
1-1: Foul Ball, location: 2F
1-2: Ball
2-2: Fly out, F7 (Flyball, 7S)
Batting: RHB Ernesto Sánchez 0-0: Called Strike
0-1: Called Strike
0-2: Strikes out swinging
Top of the 9th over - 6 runs, 3 hits, 0 errors, 0 left on base; Mississippi State 13 - California 6
BOTTOM OF THE 9TH
California Golden Bears batting - Pitching for Mississippi State Bulldogs : LHP J.J. Porter
Now in RF: Bryant Newell
Batting: SHB John Allen 0-0: Ball
1-0: Fly out, F9 (Flyball, 9S)
Batting: RHB Phil Cabrera 0-0: Foul Ball, location: 2F
0-1: Ball
1-1: Foul Ball, location: 2F
1-2: Ball
2-2: Fly out, F5 (Popup, 15)
Batting: RHB Sergio González 0-0: Called Strike
0-1: Called Strike
0-2: Ball
1-2: Ground out 6-3 (Groundball, 6)
Bottom of the 9th over - 0 runs, 0 hits, 0 errors, 0 left on base; Mississippi State 13 - California 6
Saturday, December 16th, 2017 - OOTP Baseball 18.8 Build 76